 Dungeon Crawl Stone Soup version 0.20.1-1-g8b1a95d (webtiles) character file.

117 Nidhoragg the Covered (level 4, -7/40 HPs)
             Began as a Minotaur Fighter on Oct 22, 2017.
             Killed by nerve-wracking pain
             ... invoked by Grinder
              (10 damage)
             ... on level 3 of the Dungeon.
             The game lasted 00:05:22 (1716 turns).

Nidhoragg the Covered (Minotaur Fighter)            Turns: 1716, Time: 00:05:23

Health: -7/40      AC:  8    Str: 22    XL:     4   Next: 71%
Magic:  3/3        EV:  7    Int:  5    God:
Gold:   67         SH:  9    Dex:  9    Spells: 3/3 levels left

rFire    . . .     SeeInvis .   a - +1 flail
rCold    . . .     Gourm    .   c - +0 shield
rNeg     . . .     Faith    .   b - +0 scale mail
rPois    .         Spirit   .   o - +0 hat
rElec    .         Reflect  .   (no cloak)
rCorr    .         Harm     .   (no gloves)
MR       .....                  n - +0 pair of boots
Stlth    ..........             (no amulet)
Regen    0.2/turn               (no ring)
MPRegen  0.1/turn               (no ring)

@: slowed, very slow
A: retaliatory headbutt, horns 2
a: no special abilities


You were on level 3 of the Dungeon.
You were hungry.

You visited 1 branch of the dungeon, and saw 3 of its levels.

You collected 67 gold pieces.

Inventory:

Hand Weapons
 a - a +1 flail (weapon)
Armour
 b - a +0 scale mail (worn)
 c - a +0 shield (worn)
 n - a +0 pair of boots (worn)
 o - a +0 hat (worn)
Scrolls
 e - 4 scrolls of enchant weapon
 l - a scroll of teleportation
 m - a scroll of recharging {unknown}
Potions
 d - a potion of might
 g - 2 potions of degeneration {unknown}
 h - 4 potions of lignification {unknown}
 i - 4 potions of curing
 k - a potion of heal wounds {unknown}
Comestibles
 f - 3 bread rations
 j - a meat ration


   Skills:
 + Level 4.1 Fighting
 + Level 4.1 Maces & Flails
 * Level 5.3 Armour
 - Level 3.6 Shields


You had 3 spell levels left.
You didn't know any spells.

Dungeon Overview and Level Annotations

Branches:
Dungeon (3/15)

Altars:
Ashenzari

Annotations:
D:3 Grinder


Innate Abilities, Weirdness & Mutations

You reflexively headbutt those who attack you in melee.
You have a pair of horns on your head.


Message History

Grinder is lightly wounded.
You block Grinder's attack. Grinder gestures at you.
Pain shoots through your body!
* * * LOW HITPOINT WARNING * * *
You sock Grinder! You headbutt Grinder, but do no damage.
Grinder is heavily wounded.
Grinder hits you but does no damage. Grinder completely misses you.
Your shield and scale mail prevent you from hitting Grinder.
Grinder is heavily wounded.
Grinder hits you but does no damage. Grinder hits you.
* * * LOW HITPOINT WARNING * * *
You writhe in agony.
* * * LOW HITPOINT WARNING * * *
You hit Grinder. Your headbutt misses Grinder.
Grinder is heavily wounded.
You block Grinder's attack. Grinder gestures at you.
Pain shoots through your body!
You die...

#####
#...############.
#................
#...#####.#####.
##5## #.# #@# #.#
#.# #.# #.# #.#
#.# #.# #.#
#.####...
#.######........
#.##..........##
#.##.##########
#)#


You could see Grinder.

Vanquished Creatures
  Natasha (thrice) (D:3)
  An adder (D:2)
  A worm (D:2)
  A leopard gecko (D:1)
  2 giant cockroaches (D:2)
  5 hobgoblins
  A quokka (D:2)
  7 bats
  A frilled lizard (D:2)
  2 goblins (D:2)
  5 kobolds
  7 rats
36 creatures vanquished.

Notes
Turn   | Place    | Note
-------+----------+-------------------------------------------
     0 | D:1      | Nidhoragg the Minotaur Fighter began the quest for the Orb.
     0 | D:1      | Reached XP level 1. HP: 19/19 MP: 0/0
    78 | D:1      | Found a shattered altar of Ashenzari.
   308 | D:1      | Reached XP level 2. HP: 22/27 MP: 1/1
   351 | D:1      | Reached skill level 4 in Armour
  1240 | D:2      | Reached XP level 3. HP: 25/33 MP: 2/2
  1628 | D:3      | Noticed Natasha
  1631 | D:3      | Killed Natasha
  1631 | D:3      | Reached skill level 5 in Armour
  1631 | D:3      | Reached XP level 4. HP: 36/40 MP: 3/3
  1658 | D:3      | Noticed Natasha
  1665 | D:3      | Killed Natasha
  1700 | D:3      | Noticed Natasha
  1703 | D:3      | Killed Natasha
  1708 | D:3      | Noticed Grinder
  1716 | D:3      | Killed from afar by Grinder

Skill      XL: |  1  2  3  4 |
---------------+-------------+-----
Armour         | 4 5 |  5.3
Maces & Flails | 3 4 |  4.1
Fighting       | 4 |  4.1
Shields        | |  3.6

Action                   |  1- 3 |  4- 6 || total
-------------------------+-------+-------++-------
Melee: Flail             |    83 |    15 ||    98
       Headbutt          |    12 |     5 ||    17
  Use: Scroll            |     6 |       ||     6
  Eat: Chunk             |     2 |       ||     2
Armor: Scale mail        |    38 |     4 ||    42
Dodge: Dodged            |    21 |     2 ||    23
Block: Shield            |    31 |     7 ||    38
